 Dungeon Crawl Stone Soup version 0.31.0-11-ge490571c62 (webtiles) character file.

Game seed: 18144332362162443889

95 Arcadio the Sneak (level 4, -1/40 HPs)
             Began as a Draconian Delver on Jan 30, 2024.
             Slain by Grinder (8 damage)
             ... on level 3 of the Dungeon.
             The game lasted 00:03:39 (2359 turns).

Arcadio the Sneak (Draconian Delver)                Turns: 2359, Time: 00:03:39

Health: -1/40      AC:  6    Str: 16    XL:     4   Next: 39%
Magic:  4/4        EV: 12    Int: 17    God:
Gold:   214        SH:  0    Dex: 12    Spells: 3/3 levels left

rFire   . . .        a - +0 mace
rCold   + . .        (no shield)
rNeg    . . .        (body armour unavailable)
rPois   +            (helmet restricted)
rElec   .            (no cloak)
rCorr   .            (no gloves)
SInv    .            k - +0 pair of boots
Will    .....        p - amulet of the acrobat
Stlth   +++          n - ring of Dishonesty {rPois rC+}
HPRegen 0.26/turn    y - +6 ring of intelligence
MPRegen 0.09/turn

%: acrobat
@: no status effects
A: AC +5, unfitting armour, cold-blooded
a: no special abilities


You were on level 3 of the Dungeon.
You visited 1 branch of the dungeon, and saw 5 of its levels.

You collected 214 gold pieces.

Inventory:

Hand Weapons
 a - a +0 mace (weapon)
Armour
 k - a +0 pair of boots (worn)
Jewellery
 n - the ring of Dishonesty (left hand) {rPois rC+}
   (You found it on level 2 of the Dungeon)

   [ring of protection from cold]

   rC+:       It protects you from cold.
   rPois:     It protects you from poison
 p - an amulet of the acrobat (around neck)
 v - a ring of fire
 y - a +6 ring of intelligence (right hand)
Wands
 f - a wand of digging (3)
Scrolls
 b - a scroll of fog
 c - a scroll of revelation
 d - a scroll of fear
 g - a scroll of enchant weapon {unknown}
 j - a scroll of blinking {unknown}
 l - a scroll of teleportation {unknown}
 o - 2 scrolls of identify {unknown}
 q - a scroll of noise {unknown}
 t - 2 scrolls of immolation {unknown}
 w - a scroll of amnesia {unknown}
Potions
 e - 2 potions of haste
 h - a potion of heal wounds
 i - a potion of magic {unknown}
 m - 2 potions of brilliance {unknown}
 r - a potion of berserk rage {unknown}
 s - a potion of ambrosia {unknown}
 u - 3 potions of curing {unknown}
 x - a potion of enlightenment {unknown}


   Skills:
 + Level 4.0 Fighting
 + Level 2.9 Maces & Flails
 + Level 2.6 Dodging
 + Level 5.0 Stealth


You had 3 spell levels left.
You didn't know any spells.
Your spell library was empty.

Dungeon Overview and Level Annotations

Branches:
Dungeon (5/15)
 Temple: D:4-7

Altars:
Cheibriados
Uskayaw
Yredelemnul

Annotations:
D:3 Grinder


Innate Abilities, Weirdness & Mutations

Your plain brown scales are hard. (AC +5)
You cannot fit into any form of body armour.
You are cold-blooded and may be slowed by cold attacks.


Message History

You hit Grinder.
Grinder is heavily wounded.
Grinder barely misses you.
You closely miss Grinder.
Grinder is heavily wounded.
Grinder hits you.
You writhe in agony.
You closely miss Grinder.
Your tail-slap misses Grinder.
Your punch misses Grinder.
Grinder is heavily wounded.
Grinder hits you but does no damage.
You hit Grinder. You tail-slap Grinder.
Grinder is severely wounded.
Grinder closely misses you. Grinder gestures at you.
Pain shoots through your body!
* * * LOW HITPOINT WARNING * * *
You closely miss Grinder.
Your tail-slap misses Grinder.
Grinder is severely wounded.
Grinder blinks!
Okay, then.
It was a potion of heal wounds.
You feel much better. Grinder gestures at you. Pain shoots through your body!
You closely miss Grinder.
Grinder is severely wounded.
Grinder barely misses you.
You thump Grinder! You tail-slap Grinder.
Grinder is almost dead.
Grinder hits you but does no damage.
You barely miss Grinder.
Grinder is almost dead.
Grinder hits you.
You writhe in agony.
* * * LOW HITPOINT WARNING * * *
Grinder barely misses you.
You hit Grinder.
You tail-slap Grinder, but do no damage.
Grinder is almost dead.
Grinder hits you!
You die...
Grinder sighs, "Dead already?
I want a refund."

.#####............#
.# #.......######
.# #..###....# .#
#..# #.##.# ##
#..###.##.#
####.........#
###....#####...#
....#### ##...####
.#### #....5@.# .#
#....##.# .#
#....+..# .#
#....#### ####
#....###
...########......#
...#........####.#
...'........####.#
...#.............#


You could see Grinder.

Vanquished Creatures
  2 adders
  6 dart slugs
  A ribbon worm (D:2)
  5 orcs
  3 ball pythons
  3 bats
  5 endoplasms
  A giant cockroach (D:2)
  2 hobgoblins
  2 jackals (D:1)
  A quokka (D:2)
  5 frilled lizards
  8 goblins
  6 kobolds
  7 rats
57 creatures vanquished.

Notes
Turn   | Place    | Note
-------+----------+-------------------------------------------
     0 | D:5      | Arcadio the Draconian Delver began the quest for the Orb.
     0 | D:5      | Reached XP level 1. HP: 19/19 MP: 1/1
    11 | D:5      | Noticed an iguana
    87 | D:5      | Reached XP level 2. HP: 23/26 MP: 2/2
   101 | D:5      | Noticed a bombardier beetle
   486 | D:2      | Reached XP level 3. HP: 33/33 MP: 3/3
   519 | D:2      | Found a basalt altar of Yredelemnul.
   615 | D:2      | Identified the ring of Dishonesty {rPois rC+}
   948 | D:1      | Found a faded altar of an unknown god.
  1099 | D:1      | Reached XP level 4. HP: 40/40 MP: 4/4
  1748 | D:2      | Reached skill level 5 in Stealth
  1978 | D:3      | Found a snail-covered altar of Cheibriados.
  2137 | D:3      | Found a hide-covered altar of Uskayaw.
  2344 | D:3      | Noticed Grinder
  2359 | D:3      | Slain by Grinder

Illustrated notes

Levels and vault maps discovered:
D:1:      nzn_arrival_water_spiral, layout_loops_ring,
          ebering_ecumenical_altar_mist, nicolae_figureground_pulse
D:2:      layout_rooms, basic_altar
D:3:      layout_basic, marbit_many_paths, cheibriados_altar_1, uniq_grinder
D:4:      layout_basic, serial_shops, shop
D:5:      layout_loops_ring, minmay_temple_entry_crystal_x

Skill      XL: |  1  2  3  4 |
---------------+-------------+-----
Dodging        | 2 |  2.6
Fighting       | 4 |  4.0
Stealth        | 5 |  5.0
Maces & Flails | |  2.9

Action                     |  1- 3 |  4- 6 || total
---------------------------+-------+-------++-------
  Melee: Mace              |   143 |    48 ||   191
         Tailslap          |    17 |     7 ||    24
         Punch             |     2 |       ||     2
    Use: Potion            |       |     1 ||     1
   Stab: Sleeping          |     9 |    12 ||    21
 Armour: Skin              |    77 |    19 ||    96
  Dodge: Dodged            |    87 |    32 ||   119
